 Dungeon Crawl Stone Soup version 0.31.0-12-g77e489cdc1 (webtiles) character file.

Game seed: 17763710300247472213

86 Peloso the Covered (level 4, -10/40 HPs)
             Began as a Minotaur Fighter on Mar 1, 2024.
             Killed by nerve-wracking pain
             ... invoked by Grinder
              (14 damage)
             ... while paralysed by Grinder
             ... on level 2 of the Dungeon.
             The game lasted 00:03:40 (1513 turns).

Peloso the Covered (Minotaur Fighter)               Turns: 1513, Time: 00:03:41

Health: -10/40     AC:  8    Str: 20    XL:     4   Next: 27%
Magic:  3/3        EV:  2    Int:  5    God:
Gold:   7          SH:  0    Dex: 12    Spells: 3/3 levels left

rFire   . . .        a - +0 long sword
rCold   . . .        d - +0 buckler
rNeg    . . .        b - +0 scale mail
rPois   .            (helmet restricted)
rElec   .            c - +0 cloak
rCorr   .            (no gloves)
SInv    .            (no boots)
Will    .....        (no amulet) Stlth
                     (no ring)
HPRegen 0.26/turn    (no ring)
MPRegen 0.08/turn

%: no passive effects
@: paralysed
A: horns 2, retaliatory headbutt
a: no special abilities


You were on level 2 of the Dungeon.
You visited 1 branch of the dungeon, and saw 3 of its levels.

You collected 55 gold pieces.
You spent 48 gold pieces at shops.

Inventory:

Hand Weapons
 a - a +0 long sword (weapon)
Armour
 b - a +0 scale mail (worn)
 c - a +0 cloak (worn)
 d - a +0 buckler (worn)
Jewellery
 l - an amulet of faith
Scrolls
 f - a scroll of vulnerability {unknown}
 g - a scroll of teleportation
 h - a scroll of enchant armour {unknown}
 j - a scroll of poison {unknown}
 k - a scroll of noise {unknown}
 n - a scroll of butterflies {unknown}
 p - a scroll of blinking {unknown}
 q - a scroll of identify {unknown}
 r - a scroll of revelation {unknown}
Potions
 e - a potion of brilliance
 i - a potion of haste {unknown}
 m - a potion of might
 o - a potion of ambrosia {unknown}


   Skills:
 + Level 4.0 Fighting
 + Level 3.2 Long Blades
 + Level 4.6 Armour
 + Level 1.0 Dodging
 + Level 0.7 Stealth
 + Level 4.2 Shields


You had 3 spell levels left.
You didn't know any spells.
Your spell library contained the following spells:

 Spells                   Type           Power      Damage    Failure   Level
 Stone Arrow              Conj/Erth      0%         3d7       99%         3
 Animate Armour           Summ/Erth      0%         N/A       100%        4
 Lehudib's Crystal Spear  Conj/Erth      0%         10d2      100%        8


Dungeon Overview and Level Annotations

Branches:
Dungeon (3/15)

Altars:

Shops:
D:1 :=:*

Annotations:
D:2 Grinder


Innate Abilities, Weirdness & Mutations

You have a pair of horns on your head.
You reflexively headbutt those who attack you in melee.


Message History

You block the goblin's attack.
You hit the goblin but do no damage.
The goblin is moderately wounded.
Grinder says, "Don't move a muscle."
The goblin hits you but does no damage. You block Grinder's attack.
The goblin hits you with a +0 club.
You hit the goblin. You headbutt the goblin.
You kill the goblin!
A ribbon worm comes into view.
Grinder hits you.
You writhe in agony.
Grinder gestures at you.
You suddenly lose the ability to move!
You can move again.
There is a stone staircase leading up here.
Grinder gestures at you.
You shrug off the repeated paralysis!
You climb upwards.
There is a stone staircase leading down here.
Unknown command.
You closely miss Grinder. Grinder hits you.
You hit Grinder but do no damage. Grinder gestures at you.
Pain shoots through your body!
You closely miss Grinder. You headbutt Grinder, but do no damage.
Grinder hits you but does no damage. Grinder barely misses you.
You barely miss Grinder. Grinder gestures at you.
You suddenly lose the ability to move!
Grinder hits you.
You writhe in agony.
Grinder hits you.
* * * LOW HITPOINT WARNING * * *
You writhe in agony.
* * * LOW HITPOINT WARNING * * *
Grinder gestures at you. Pain shoots through your body!
* * * LOW HITPOINT WARNING * * *
Grinder gestures at you. Pain shoots through your body!
You die...
Grinder says, "Hey, I wasn't done torturing you yet!"

##### #...# #...#
#...### #### #.....#
#####†.#### #...#.#
#≈...#....# #..5#.#
#≈...###..## #..@..#
#≈...# ##...
#####.###≈...#####..
#......#≈≈≈≈#......
#......+###########
#.)...............#
#.................#
#..................
#####.###.........#
#..##.........#


You could see Grinder.

Vanquished Creatures
  4 gnolls (D:2)
  An adder (D:2)
  2 ribbon worms
  3 ball pythons
  3 endoplasms
  4 goblins
  4 hobgoblins
  4 jackals (D:2)
  A quokka (D:1)
  3 kobolds (D:2)
  7 rats
36 creatures vanquished.

Notes
Turn   | Place    | Note
-------+----------+-------------------------------------------
     0 | D:1      | Peloso the Minotaur Fighter began the quest for the Orb.
     0 | D:1      | Reached XP level 1. HP: 19/19 MP: 0/0
    93 | D:1      | Found Mirarukh's Assorted Antiques.
   123 | D:1      | Reached XP level 2. HP: 25/27 MP: 1/1
   139 | D:1      | Found Bamalex's Jewellery Boutique.
   171 | D:1      | Found Naecvom's Book Shop.
   365 | D:1      | Noticed a walking divine tome
   368 | D:1      | Found Qoaluset's Book Shop.
   370 | D:1      | Noticed a walking frostbound tome
   502 | D:1      | Found a faded altar of an unknown god.
   870 | D:2      | Reached XP level 3. HP: 29/33 MP: 2/2
  1194 | D:2      | Reached skill level 1 in Dodging
  1194 | D:2      | Reached XP level 4. HP: 28/40 MP: 3/3
  1465 | D:1      | Bought a scroll labelled MEIDIA EMOFITE for 24 gold pieces
  1465 | D:1      | Bought a scroll labelled KORIDUWIO for 24 gold pieces
  1498 | D:3      | Noticed Grinder
  1502 | D:3      | Paralysed by Grinder for 2 turns
  1509 | D:2      | Paralysed by Grinder for 5 turns
  1513 | D:2      | Killed from afar by Grinder

Illustrated notes

Levels and vault maps discovered:
D:1:      dpeg_arrival_rooms_c, layout_basic, basic_ecumenical_altar,
          serial_forest, infiniplex_forest_clump_curved, infiniplex_forest_join,
          infiniplex_forest_end_1, infiniplex_forest_clump_tiny,
          infiniplex_forest_lined_3, infiniplex_forest_lined_room_3,
          infiniplex_forest_zigzag_1, infiniplex_forest_lined_1,
          infiniplex_forest_clump_long, serial_shops, nicolae_shop_mannequins,
          shop, nicolae_shop_tiny_real_fake_doors,
          nicolae_shop_advertising_works [nicolae_subvault_shop_adworks]
D:2:      layout_rooms, chequers_serial_rivers_room_a
D:3:      layout_rooms, uniq_grinder

Skill      XL: |  1  2  3 |
---------------+----------+-----
Armour         | 4 |  4.6
Fighting       | 4 |  4.0
Long Blades    | 3 |  3.2
Shields        | 4 |  4.2
Dodging        | 1 |  1.0
Stealth        | |  0.7

Action                     |  1- 3 |  4- 6 || total
---------------------------+-------+-------++-------
  Melee: Long sword        |    79 |    13 ||    92
         Headbutt          |    12 |     2 ||    14
    Use: Potion            |     2 |       ||     2
         Scroll            |       |     1 ||     1
 Armour: Scale mail        |    61 |     9 ||    70
  Dodge: Dodged            |    38 |     4 ||    42
  Block: Buckler           |    22 |     3 ||    25
